[Event "Rapid Shavuot-A 2023"]
[Site "Ramat Gan"]
[Date "2023.05.25"]
[Round "3.8"]
[White "Parkhov, Yair"]
[Black "Kereth, Oren"]
[Result "1/2-1/2"]
[ECO "E47"]
[WhiteElo "2505"]
[BlackElo "2080"]
[Annotator "TA"]
[PlyCount "179"]
[EventDate "2023.05.19"]
[EventType "swiss"]
[EventCountry "ISR"]
[SourceTitle "playchess.com"]
[Source "ChessBase"]
[SourceQuality "1"]
[TimeControl "900+5"]

1. d4 Nf6 2. c4 e6 3. Nc3 Bb4 4. e3 O-O 5. Bd3 d6 6. Nge2 e5 7. O-O Nc6 8. Qc2 {[%emt 0:00:04] E47: Nimzo-Indian: Rubinstein: 5 Bd3 without ...d5.} Bxc3 9. Qxc3 {[%emt 0:00:11] [#]} Bg4 $146 {[%emt 0:00:57] White must now prevent ...e4.} ({Predecessor:} 9... Qe7 10. b4 Re8 11. b5 Nd8 12. a4 exd4 13. exd4 Bg4 14. Ng3 h6 15. a5 a6 {1-0 Indjic,A (2607)-Kazakouski,V (2495) Titled Tuesday intern op 25th May blitz 2021 (6)}) 10. f3 {[%emt 0:00:31] White is slightly better.} Bh5 11. d5 Nb8 12. e4 a5 13. g4 Bg6 14. Ng3 c6 15. h4 {[%emt 0:01:16] Hoping for h5.} h5 16. Bg5 {[%emt 0:00:02] Threatens to win with gxh5.} Nbd7 17. Kg2 {[%emt 0:00:34] White is more active.} (17. Qd2 $16) 17... Qc7 ({Black should play} 17... Qb6 $14) 18. Qd2 $16 Rfe8 (18... hxg4 $11 19. fxg4 Nxg4) 19. Qe2 Kh7 20. Rf2 Rh8 21. Bd2 Kg8 (21... Nc5 $16 {keeps fighting.}) 22. g5 $18 Ne8 23. Raf1 Nc5 24. Bb1 b5 (24... Nd7 $142 25. f4 exf4) 25. Be3 bxc4 26. Qxc4 cxd5 27. Qxd5 Rb8 28. Nf5 Ne6 29. Rc1 Qd7 30. Qxa5 Kh7 31. b3 f6 32. Qd2 Rd8 33. Kg1 {[%emt 0:00:27] Black is weak on the dark squares} d5 (33... Rf8 $142 34. a4 fxg5 35. hxg5 (35. Bxg5 Nxg5 36. Qxg5 Bxf5 $16) 35... Rb8) 34. exd5 (34. Qxd5 $1 $18 N8c7 35. Qxd7 Rxd7 36. gxf6) 34... Nf4 (34... Nxg5 $16 35. hxg5 Bxf5) 35. Bxf4 Bxf5 36. Bg3 Bxb1 37. Rxb1 Nd6 38. Kg2 Nf5 39. Qd3 fxg5 40. hxg5 $2 (40. Bxe5 Rhe8 41. Re2 gxh4 $16) (40. Re1 $18) 40... g6 $2 (40... Qf7 $1 $11) 41. Bxe5 Nh4+ 42. Kg3 Nf5+ (42... Rhe8 $142 43. f4 Nf5+ 44. Kh2 Qa7) 43. Kh2 $1 Rhe8 44. f4 Qxd5 45. Qxd5 Rxd5 46. Rc1 (46. b4 $142) 46... Rd7 $2 (46... Ne3 47. Re2 (47. Rc7+ Kg8 $16) 47... Ng4+ 48. Kh3 Nxe5) 47. Rfc2 Ne3 (47... Kg8 {was worth a try.} 48. Kh1 Kf7) 48. Rc7 Ng4+ 49. Kg3 Rde7 (49... Rxc7 $18 50. Rxc7+ Kg8 51. Rg7+ Kf8) 50. Rxe7+ Rxe7 51. Rc7 Rxc7 52. Bxc7 {[%emt 0:00:02] KB-KN} Kg7 53. a4 Ne3 54. a5 Nd5 55. Bd8 (55. Be5+ $142 Kg8 56. a6 Nb6 57. Bd4 Nc8 58. b4 Kf7 59. b5 Ke7 60. b6) 55... Nb4 {[%emt 0:00:05] [#]} 56. a6 $2 Nxa6 {[%emt 0:00:04] [#]} 57. Be7 $2 (57. Kh4 $1 $18) 57... Kf7 $11 58. Ba3 Ke6 59. Kf3 Kd5 60. Bf8 Nc7 61. b4 Nb5 62. Bc5 {[%emt 0:00:05][%cal Of4f5] Strongly threatening f5!} Nc7 $2 (62... Ke6 $11 {and Black has nothing to worry.}) 63. Ke3 $2 (63. f5 $1 $18 gxf5 64. Kg3 (64. Kf4 Ke6 $11)) 63... Ne6 (63... Ke6 $11) 64. Be7 (64. f5 $1 $14 gxf5 65. g6) 64... Ng7 {[%emt 0:00:05] The position is equal.} 65. Kf3 Nf5 66. Bc5 Nh4+ 67. Kf2 Nf5 68. Be3 Kc4 69. Bc5 Kd5 70. Kf3 Nh4+ 71. Ke3 Ng2+ 72. Kf3 Nh4+ 73. Kf2 (73. Kg3 $5 Nf5+ $8 74. Kf3 $14) 73... Nf5 74. Bf8 Kc4 75. Ke2 Ng3+ 76. Kf3 Nf5 77. Ke4 Kb5 78. Bc5 Kc4 79. Ke5 {[%emt 0:00:10] Kf6 would be deadly.} h4 80. Kf6 h3 {[%emt 0:00:01] ( -> ...h2)} 81. Bg1 $1 (81. Kxg6 $2 {perishes.} Nd4 82. Bf8 h2 $19) 81... Nh4 82. Bh2 Kxb4 83. Bg3 (83. f5 $5 gxf5 84. g6 Nxg6 85. Kxg6 $11) 83... Nf5 84. Bh2 Nh4 {[%emt 0:00:01] [#]} 85. f5 $1 gxf5 (85... Nxf5 86. Kxg6) 86. Bg3 Kc3 87. g6 Nxg6 88. Kxg6 h2 89. Bxh2 f4 90. Bxf4 {[%emt 0:00:01] White really could win this.   Weighted Error Value: White=0.40/Black=0.45} 1/2-1/2

[Event "Rapid Shavuot-A 2023"]
[Site "Ramat Gan"]
[Date "2023.05.25"]
[Round "3.9"]
[White "Mordechai, Hanan"]
[Black "Katz, Kiril"]
[Result "0-1"]
[ECO "B54"]
[WhiteElo "2366"]
[BlackElo "2016"]
[Annotator "TA"]
[PlyCount "176"]
[EventDate "2023.05.19"]
[EventType "swiss"]
[EventCountry "ISR"]
[SourceTitle "playchess.com"]
[Source "ChessBase"]
[SourceQuality "1"]
[TimeControl "900+5"]

1. e4 c5 2. Nf3 Nc6 3. Nc3 d6 4. d4 cxd4 5. Nxd4 e5 6. Nf5 g6 {[%emt 0:00:30] B54: Sicilian: 2...d6 3 d4 cxd4 4 Nxd4, Unusual Lines .} (6... Bxf5 $11 7. exf5 Nf6) 7. Ne3 $14 Be6 8. Ned5 {[%emt 0:00:05] [#]} Bg7 $146 {[%emt 0:00:15] White is slightly better.} ({Predecessor:} 8... Rc8 9. Be3 Bg7 10. Qd2 Nge7 11. Bg5 h6 12. Nxe7 Nxe7 13. Be3 a6 14. O-O-O Rc6 {0-1 Ganguly,S (2589)-Adhiban,B (2603) MPL Indian Chess Tour N3 rapid 2022 (15)}) 9. h4 h6 10. Be3 Nf6 11. f3 O-O (11... Nd4 $14) 12. Qd2 $16 Nd4 13. O-O-O Bxd5 14. exd5 Nf5 15. Bf2 h5 16. Kb1 Bh6 17. Qe1 Re8 18. Bd3 Nd4 (18... Ng7 $16) 19. Be4 $2 (19. Ne4 $1 $18) 19... Nxe4 (19... Rc8 $11) 20. fxe4 (20. Qxe4 $16 {Hoping for g4.} b5 21. Qd3 (21. Bxd4 exd4 22. Qxd4 Bg7 $11)) 20... Bg7 21. g4 hxg4 22. h5 Nf3 {[%emt 0:00:01] Against Qg1} 23. Qf1 Qg5 (23... f5 {seems wilder.} 24. hxg6 Qf6 25. Qg2 Qxg6 26. Rh3 Kf7) 24. hxg6 Qxg6 25. Qg2 (25. Be3 $11 {keeps the balance.}) 25... f5 (25... Rac8 $17 {[%cal Oc8c3] aiming for ...Rxc3!} 26. Be1 Rc4) 26. exf5 Qxf5 27. Be3 Rac8 28. Nb5 $1 Qd7 (28... Red8 $11) 29. Qe2 $2 (29. Nxd6 $1 $18 Qxd6 30. Qxg4) 29... a6 $17 30. Nc3 Qf5 $36 {[%emt 0:00:15][%mdl 2048] Wards off Ne4. Black is really pushing.} 31. Bh6 Re7 {[%emt 0:01:09] Black is more active.} (31... Rf8 $17 32. Bc1 b5) 32. Ne4 (32. Qe4 $1 $15 Qxe4 33. Nxe4) 32... Qg6 $1 33. Qe3 Nd4 $2 (33... Rc4 $17 34. Nc3 Rec7 35. Bxg7 Kxg7) 34. Bxg7 (34. Rdg1 $1 $14 Rxc2 35. Bxg7) 34... Kxg7 35. c3 (35. Rdg1 $1 $11 Rh8 36. Rxh8 Kxh8 37. Qf2) 35... Nf5 $1 36. Qd3 Ree8 37. Rhg1 Rh8 38. Ka1 Rh4 (38... Rcf8 $1 $17 {Threatens to win with ...Rh3.} 39. Qe2 Rh4) 39. Rdf1 Rch8 ({Black should play} 39... Rh3 $1 $17 40. Qb1 Rch8) 40. Qc4 {[%emt 0:00:19][%mdl 1024] White has compensation.} Rf8 (40... Ne3 $2 41. Qc7+ Kh6 42. Rf6 $18 (42. Nxd6 Nc2+ 43. Kb1 Na3+ {[%mdl 64] Discovered Attack (Double check)} 44. Ka1 Qb1+ 45. Rxb1 Nc2#) (42. Nxd6 Nc2+ 43. Kb1 Na3+ {[%mdl 64] Discovered Attack (Double check)} 44. Ka1 Qb1+ 45. Rxb1 Nc2#)) 41. Qc7+ Rf7 42. Qb8 (42. Qb6 $11) 42... Rh8 $15 {[%emt 0:00:00] The board is on fire.} 43. Qa7 g3 ({Black should try} 43... Rh2 $1 $15 44. Qb8 g3 45. Nxg3 (45. Rxf5 $2 Rxf5 46. Nxg3 Rg5 $19) 45... Nxg3 46. Rxf7+ Kxf7 47. Qc7+ Kg8) 44. Nxg3 $1 $11 Nxg3 45. Rxf7+ Kxf7 46. Qxb7+ Kf6 47. Qxa6 $2 (47. Qb6 $1 $11 {and White stays safe.}) 47... Rd8 $2 (47... Kf5 $1 $19 {And now ...Kf4 would win.} 48. Qd3+ e4) 48. Qb6 Ke7 49. Qa7+ Rd7 $2 (49... Ke8 $1 $11) 50. Qf2 $18 Qf7 51. Qxf7+ Kxf7 52. Rxg3 {[%emt 0:00:04][%mdl 4096] Endgame KR-KR} Kf6 53. b4 Kf5 54. Kb2 Ke4 55. c4 Kd4 56. Kb3 e4 (56... Rf7 $142 57. b5 e4) 57. a4 $2 (57. Rg1 $18 e3 58. b5) 57... Rf7 $11 58. Rg4 (58. Rg1 $5 Rf3+ $8 59. Kb2 $11) 58... Rf3+ 59. Kb2 Rf2+ 60. Kb3 Rf3+ 61. Kc2 Rc3+ 62. Kb2 {[%emt 0:00:12][%cal Og4e4] Rxe4+! would kill now.} Rxc4 63. Kb3 Kxd5 64. a5 Rc1 {[%emt 0:00:01] Wards off Rg1} 65. Kb2 {[%emt 0:00:04] Intending Rg5+ and mate.} Re1 66. Rg5+ Kc4 67. b5 {[%emt 0:00:02] Black must now prevent b6.} (67. a6 $5 Re2+ $8 68. Ka3 $11) 67... e3 {[%emt 0:00:05] Strongly threatening ...e2.} 68. b6 e2 69. Rg4+ Kd5 {[%emt 0:00:23] ( -> ...Rd1)} (69... Kd3 $5 70. Rg3+ $8 Ke4 $11) 70. b7 Rb1+ {[%emt 0:00:01][%mdl 64] Decoy} 71. Kxb1 {[%emt 0:00:02] White threatens Rg1 and mate.} e1=Q+ {[%emt 0:00:01] KQ-KR} (71... e1=R+ 72. Kc2 Re2+ 73. Kb3 Re3+ 74. Ka4 Re8 75. Rb4 Ke5 76. b8=Q Rxb8 77. Rxb8) 72. Kb2 $2 {[%emt 0:00:05] [#]} ({White must play} 72. Kc2 $11) 72... Qd2+ $1 $17 (72... Qxa5 73. Rg5+ (73. b8=R Qd2+ 74. Ka3 Ke6 $17) 73... Kc6 74. Rxa5 Kxb7 75. Kc3 Kc7 76. Kc4 Kc6 77. Rf5) 73. Kb3 {[%emt 0:00:06] [#]} Qd1+ $2 (73... Qxa5 {leads to mate.} 74. b8=Q (74. b8=R Qd2 $17) 74... Qa6 75. Qg8+ Ke5 76. Qe8+ Kd5 77. Qf7+ Kc5 78. Rc4+) (73... Qd3+ $1 $19 74. Ka2 Qc2+ 75. Ka1 Qc3+ 76. Ka2 Qxa5+ 77. Kb3 Qa7) 74. Kb2 $11 Qe2+ (74... Qxg4 $5 75. b8=Q $8 Qd4+ 76. Kb3 Qc4+ 77. Ka3 Qd3+ 78. Qb3+ Qxb3+ 79. Kxb3 Kc6 $11) 75. Ka3 $2 (75. Kc3 $11 {and White has nothing to worry.}) 75... Qd3+ $19 ({And not} 75... Qxg4 76. b8=Q $11 (76. b8=R $2 {too greedy.} Kc5 $19)) 76. Ka4 Qc2+ 77. Kb5 $2 (77. Ka3 $19 Qc3+ 78. Ka2 Qxa5+ 79. Kb3) 77... Qc6+ 78. Kb4 Qxb7+ 79. Ka3 Qb1 80. Ra4 Qb7 $2 (80... Kc5 {mates} 81. Rh4 Qc1+ 82. Ka2 Qd2+ 83. Kb3 Qe3+ 84. Kc2 Qf2+ 85. Kd3 Qxh4 86. a6 Kd5 87. a7 Qe4+ 88. Kc3 Kc5 89. a8=B Qxa8 90. Kb3 Qf3+ 91. Kc2 Kc4 92. Kb2 Qf2+ 93. Kc1 Kc3 94. Kd1 Qf1#) 81. a6 $2 (81. Rg4 $11 Qc8 82. Rg3) 81... Qa7 {[%emt 0:00:00] Black mates.} 82. Kb3 Ke5 83. Kc3 d5 84. Kd3 Qh7+ 85. Kc3 Qc7+ 86. Kd3 Qc1 87. Rh4 Qf1+ 88. Kc2 Qxa6 {[%emt 0:00:00] Never resign too early!   Weighted Error Value: White=0.41/Black=0.40} 0-1

[Event "Rapid Shavuot-A 2023"]
[Site "Ramat Gan"]
[Date "2023.05.25"]
[Round "3.10"]
[White "Ehrlich, Roy"]
[Black "Bodenshtein, Yair"]
[Result "1-0"]
[ECO "C26"]
[WhiteElo "2228"]
[BlackElo "1846"]
[Annotator "TA"]
[PlyCount "57"]
[EventDate "2023.05.19"]
[EventType "swiss"]
[EventCountry "ISR"]
[SourceTitle "playchess.com"]
[Source "ChessBase"]
[SourceQuality "1"]
[TimeControl "900+5"]

1. e4 e5 2. Nc3 Nf6 3. g3 Bc5 4. Bg2 O-O 5. Nge2 d6 6. O-O Nc6 7. h3 a6 {[%emt 0:00:06] C26: Vienna Game: 2...Nf6, sidelines .} 8. Kh2 Be6 9. f4 exf4 (9... Nd4 $11) 10. d4 $16 fxg3+ 11. Kxg3 {[%emt 0:00:02] [#]} (11. Kh1 $5 ) 11... Ba7 $146 {[%emt 0:03:59] ...Bc4 would be deadly.} ({Predecessor:} 11... Nxd4 12. Nxd4 Bc4 13. Re1 Qd7 14. Bg5 h6 15. Bxf6 gxf6 16. Nb3 Bxb3 17. axb3 d5 {1-0 Ehrlich,R (1938)-Lomakin,V (1430) Netanya op 2019 (4)}) 12. d5 Bxd5 13. Nxd5 $18 (13. exd5 Ne5 14. Nf4 Qe7 $16) 13... Nxd5 14. Qxd5 Qd7 15. Bd2 Rae8 16. Bc3 Re6 17. Kh2 (17. Qg5 $2 Rg6 $19) 17... b5 (17... Qc8 $142 18. Nf4 (18. Qg5 Ne5 $18) 18... Rh6) 18. a3 ({Don't play} 18. Qg5 $6 Ne5 19. Rad1 Qc6 $18) 18... Rfe8 19. Ng3 {[%emt 0:00:02] And now h4 would win.} ({Don't do} 19. Qg5 $6 Ne5 20. Nf4 Be3 $18) 19... Ne5 20. Nf5 Rg6 21. Bxe5 {[%emt 0:00:16][%mdl 64] [#] Deflection} Rxe5 (21... c6 22. Qd3 Rxe5) 22. Qa8+ {[%emt 0:00:06] White is clearly winning.} Qe8 23. Qxa7 d5 24. Qxc7 dxe4 25. Nd6 Rxd6 26. Qxd6 e3 27. Bd5 Rxd5 28. Qxd5 e2 {[%emt 0:00:01] [#]} 29. Qxf7+ $3 {[%emt 0:11:52] Black got outplayed after the opening.   Weighted Error Value: White=0.20 (precise) /Black=0.37} 1-0

[Event "Rapid Shavuot-A 2023"]
[Site "Ramat Gan"]
[Date "2023.05.25"]
[Round "3.11"]
[White "Michaeli, Omri"]
[Black "Sherman, Reem"]
[Result "0-1"]
[ECO "C19"]
[WhiteElo "1874"]
[BlackElo "2306"]
[Annotator "TA"]
[PlyCount "98"]
[EventDate "2023.05.19"]
[EventType "swiss"]
[EventCountry "ISR"]
[SourceTitle "playchess.com"]
[Source "ChessBase"]
[SourceQuality "1"]
[TimeControl "900+5"]

1. e4 e6 2. d4 d5 3. Nc3 Bb4 4. e5 c5 5. a3 Bxc3+ 6. bxc3 Ne7 7. a4 Qa5 8. Qd2 b6 {[%emt 0:00:20] has lost popularity (8...Nbc6). C19: French: 3 Nc3 Bb4: Main line: 7 Nf3 and 7 a4.} 9. Bb5+ Bd7 10. Bd3 Nbc6 {[%emt 0:00:50] The position is equal.} 11. Nf3 f6 12. exf6 gxf6 13. O-O {[%emt 0:01:43] [#]} O-O-O $146 ({Predecessor:} 13... c4 14. Be2 Nf5 15. Ba3 h5 16. Kh1 O-O-O 17. Rfb1 Rdg8 18. Ng1 h4 19. Nh3 Nd8 {1-0 Ganz,H (2275)-Schatz,H (2339) Remote S7E Pro email 2014}) 14. Qf4 $2 (14. dxc5 $16 {Bb5 would be deadly.} bxc5 15. c4) 14... c4 $17 (14... Qxc3 $2 15. Ba6#) 15. Be2 Qxc3 16. Bd2 Qxc2 17. a5 {[%emt 0:00:05] [#]} b5 {[%emt 0:01:59] ...Qe4 is the strong threat.} 18. a6 $2 {[%emt 0:00:25] [#]} (18. Rfb1 a6 19. Re1) 18... e5 $1 19. dxe5 fxe5 20. Nxe5 Rhf8 21. Nxc6 Nxc6 22. Qh6 (22. Qd6 $17 Qf5 23. Ba5 Nxa5 24. Rxa5) 22... Qg6 23. Rab1 (23. Qxg6 {is a better defense.} hxg6 24. Rfb1) 23... Nd4 $19 24. Bh5 {[%emt 0:00:27] White is weak on the light squares} Qxh6 25. Bxh6 {[%emt 0:00:05] [#]} Rf5 26. Bg4 {[%emt 0:00:16] [#]} Rg8 $1 27. Bxf5 Bxf5 28. Rb2 Be4 29. f3 Nxf3+ ({Weaker is} 29... Bxf3 30. Be3 c3 31. Rbf2 Ne2+ 32. Kh1 $11) 30. Rxf3 Bxf3 {[%emt 0:00:05][%mdl 4096] Endgame KRB-KRB} 31. Be3 Be4 {[%emt 0:00:11] Hoping for ...c3.} 32. g3 (32. Bxa7 $142 Rg6 33. Bd4 Rxa6 34. Rxb5) 32... Rg6 33. Bxa7 $2 (33. Rxb5 Rxa6 34. Kf1) 33... Rxa6 34. Bd4 Ra5 35. Kf2 (35. Bc3 $142 Ra3 36. Be5) 35... Kc7 36. Ke3 Kc6 {[%emt 0:00:05] Strongly threatening ...Ra3+.} 37. Kf4 Ra3 38. Ke5 c3 39. Rf2 b4 40. Rf6+ Kb5 41. Rb6+ Kc4 {[%emt 0:00:05] aiming for ...Ra8.} 42. g4 Ra2 43. h4 c2 {[%emt 0:00:16] Threatens to win with ...Kd3.} 44. g5 Kd3 (44... c1=R $2 {is the wrong capture.} 45. Rc6+ Kd3 46. Rxc1 $19) 45. Rc6 Ra3 46. h5 {[%emt 0:00:13] [#]} Rc3 $1 {[%emt 0:00:06][%mdl 64] Promotion. Black mates.} 47. Rxc3+ (47. Bxc3 bxc3) 47... bxc3 48. g6 hxg6 49. h6 g5 {[%emt 0:00:19] Weighted Error Value: White=0.78/Black=0.34} 0-1

[Event "Rapid Shavuot-A 2023"]
[Site "Ramat Gan"]
[Date "2023.05.25"]
[Round "3.12"]
[White "Gamayev, Oleg"]
[Black "Azoulay, Yehonatan"]
[Result "1/2-1/2"]
[ECO "E61"]
[WhiteElo "2174"]
[BlackElo "1813"]
[Annotator "TA"]
[PlyCount "130"]
[EventDate "2023.05.19"]
[EventType "swiss"]
[EventCountry "ISR"]
[SourceTitle "playchess.com"]
[Source "ChessBase"]
[SourceQuality "1"]
[TimeControl "900+5"]

1. d4 Nf6 2. Nf3 g6 3. c4 c5 4. e3 Bg7 5. Nc3 O-O 6. Be2 b6 7. O-O Bb7 8. b3 (8. d5 $14) 8... d5 {[%emt 0:00:27] E61: King's Indian: Early deviations for White, including Smyslov System.} 9. Ba3 Ne4 {[%emt 0:00:53] [#]} 10. Rc1 $146 (10. Nxd5 $14 e6 11. Nf4) ({Predecessor:} 10. Nxd5 Bxd5 11. cxd5 Nc3 12. Qd2 Nxe2+ 13. Qxe2 Qxd5 14. Rfd1 Qb7 15. Rac1 cxd4 16. exd4 {½-½ Leutwyler,M (2190)-Johansson,A (2029) Politiken Cup 34th 2012 (5)}) 10... e6 (10... Nxc3 $11 11. Rxc3 Nc6) 11. cxd5 $14 exd5 12. Na4 (12. Nxe4 $5 dxe4 13. Nd2 $14) 12... Bc6 13. dxc5 {[%emt 0:02:24] And now Nd4 would win.} b5 $1 {[%emt 0:00:09] [#]} 14. b4 $1 bxa4 15. Nd4 $2 (15. b5 $11) 15... a6 $1 $19 16. Nxc6 (16. Bb2 $17 {was called for.}) 16... Nxc6 17. Qxa4 Qc8 18. Rc2 Nc3 19. Qb3 Nxe2+ 20. Rxe2 Qe6 {[%emt 0:00:26] Hoping for ...Nd4.} 21. Bb2 {[%emt 0:00:20] Inhibits Nd4.} Bxb2 22. Rxb2 Rfd8 23. a4 d4 (23... Ne5 $19 24. Rbb1 Nc4) 24. Qxe6 $17 fxe6 25. b5 axb5 26. axb5 Rab8 27. Rfb1 {[%emt 0:00:10] [#]} d3 $1 28. Kf1 (28. bxc6 $2 {is the wrong capture.} Rxb2 29. Rxb2 d2 $19) (28. f4 Na5) 28... Ne5 {[%emt 0:00:30] ...Nc4 would be deadly.} 29. Ke1 Rd5 30. c6 Rc5 31. Rb4 (31. Rb3 $17 {was worth a try.}) 31... Kf7 32. Kd1 (32. R4b3 {keeps fighting.}) 32... Ke7 $19 33. R1b2 Nf7 34. Kd2 Nd6 {[%emt 0:00:06] White must now prevent ...Nc4+.} 35. Kxd3 Rbxb5 ({Stronger than} 35... Rcxb5 36. Rxb5 Rxb5 37. Rxb5 Nxb5 38. Kc4 Nd6+ 39. Kc5) 36. e4 Rxb4 37. Rxb4 Rxc6 {[%emt 0:00:01][%mdl 4096] Endgame KRN-KR} 38. e5 Ne8 39. f4 Rc7 40. g4 Ng7 41. h3 Ra7 42. Rb3 h6 43. Ke3 Ne8 44. Kf3 Kf7 45. Kg3 Kg7 46. Kh4 (46. Rd3 $142) 46... Nc7 47. Rb6 Kf7 48. f5 gxf5 49. gxf5 Ra3 $2 (49... exf5 $19 {...Ra6 is the strong threat.} 50. Rxh6 Ra4+ 51. Kh5 Nd5) 50. Rb7 (50. Rc6 $15) 50... Rc3 $17 51. fxe6+ {[%emt 0:00:03] [#]} Kxe6 ({Black should play} 51... Kg6 $1 52. Rb6 Rc4+ 53. Kg3 Ne8) 52. Rb6+ Kxe5 {[%emt 0:00:03] Threatens to win with ...Ne6.} 53. Rxh6 Ne6 54. Rh5+ Kf4 55. Ra5 Nd4 56. Ra4 Rd3 57. Rb4 Ke5 58. Kg4 Rd1 59. Ra4 Rg1+ 60. Kh4 Nf5+ 61. Kh5 Rh1 62. h4 Rg1 63. Ra5+ Kf6 64. Ra6+ Kf7 (64... Ke7 $5) 65. Rf6+ $1 Kxf6 {[%emt 0:00:09] Whites escaped into a draw. An interesting game.   Weighted Error Value: White=0.29 (precise) /Black=0.25 (precise)} 1/2-1/2

[Event "Rapid Shavuot-A 2023"]
[Site "Ramat Gan"]
[Date "2023.05.25"]
[Round "3.14"]
[White "Kinberg, Ofer"]
[Black "Vaisman, Felix"]
[Result "1-0"]
[ECO "A59"]
[WhiteElo "1918"]
[BlackElo "2121"]
[Annotator "TA"]
[PlyCount "73"]
[EventDate "2023.05.19"]
[EventType "swiss"]
[EventCountry "ISR"]
[SourceTitle "playchess.com"]
[Source "ChessBase"]
[SourceQuality "1"]
[TimeControl "900+5"]

1. d4 Nf6 2. c4 c5 3. d5 b5 4. cxb5 a6 5. bxa6 g6 6. Nc3 Bxa6 7. e4 Bxf1 8. Kxf1 d6 9. g3 Bg7 10. Nf3 O-O 11. Kg2 Nbd7 12. Qc2 Qb6 13. a4 Qb4 {[%emt 0:00:01] A59: Benko/Volga Gambit: White castles by hand.} 14. Ra3 Rfb8 15. Nd2 Ne5 {[%emt 0:01:53] [#]} (15... c4 $14) 16. Rb3 $1 $16 {[%emt 0:02:23] [#]} Qa5 $146 ({Predecessor:} 16... Qd4 17. Ne2 Rxb3 18. Nxd4 Rb4 19. Nc6 Nxc6 20. dxc6 Rbxa4 21. e5 Nd5 22. exd6 exd6 23. Ne4 Nb4 24. Qxa4 Rxa4 25. c7 Ra8 26. Nxd6 {1-0 Ovchinnikov,V (2248)-Dovletov,H (2137) World School-ch U17 11th 2015 (8)}) 17. Rxb8+ Rxb8 {[%emt 0:00:01] [#]} 18. Nb5 $1 Qb4 19. f4 Neg4 (19... Ned7 {was necessary.} 20. b3 c4) 20. Nc4 {[%emt 0:00:06] aiming for Bd2.} Nxe4 21. Qxe4 {[%emt 0:00:05] Threatens to win with Qc2.} Qxa4 22. Nc3 Bxc3 23. bxc3 Qa2+ 24. Bd2 Nf6 (24... Ra8 $16) 25. Qd3 $18 (25. Qxe7 $2 {is the wrong capture.} Qxc4 26. Qxf6 Qxd5+ 27. Kh3 Qxh1 $19) 25... e6 (25... Qa8 {was called for.} 26. Ne3 Rb2) 26. dxe6 ({Weaker is} 26. Nxd6 exd5 27. Rd1 Rb6 $16) 26... d5 27. exf7+ Kxf7 28. Ne5+ Kg7 29. Rd1 Rb2 30. Nf3 Qb3 31. Re1 Qa2 32. Re2 Ne4 33. Kh3 {[%emt 0:00:05][%cal Oc3c4] c4! is the strong threat.} h5 {[%emt 0:00:51] [#]} 34. c4 $1 Qa1 (34... Qb1 35. Qxb1) 35. Bc3+ d4 36. Bxb2 Qf1+ 37. Kh4 {[%emt 0:00:14] Weighted Error Value: White=0.10 (very precise) /Black=0.37} 1-0

[Event "Rapid Shavuot-A 2023"]
[Site "Ramat Gan"]
[Date "2023.05.25"]
[Round "3.15"]
[White "Yaniv, Ori"]
[Black "Dezent, Eyal"]
[Result "1/2-1/2"]
[ECO "B13"]
[WhiteElo "2156"]
[BlackElo "1773"]
[Annotator "TA"]
[PlyCount "78"]
[EventDate "2023.05.19"]
[EventType "swiss"]
[EventCountry "ISR"]
[SourceTitle "playchess.com"]
[Source "ChessBase"]
[SourceQuality "1"]
[TimeControl "900+5"]

1. e4 c6 2. d4 d5 3. exd5 cxd5 4. Bd3 Nc6 5. c3 Nf6 6. Bf4 Bg4 7. Qb3 Qc8 8. Nd2 e6 9. Ngf3 Be7 10. O-O O-O 11. Rfe1 Bh5 12. Ne5 Nxe5 13. Bxe5 Bg6 14. Be2 {[%emt 0:00:00] B13: Caro-Kann: Exchange Variation and Panov-Botvinnik Attack.} a6 15. a4 Nd7 16. Bg3 {[%emt 0:00:00] [#]} Qc6 $146 ({Predecessor:} 16... Nb8 17. Nf1 Nc6 18. Ne3 Kh8 19. f4 Be4 20. Qd1 a5 21. Rf1 f5 22. Rc1 Qd8 {0-1 Melkonian,A-Bregadze,L GEO-ch U16 Tbilisi 2002 (9)}) 17. h4 h6 18. h5 Bf5 19. c4 Bf6 20. Nf3 dxc4 21. Bxc4 Be4 {[%emt 0:01:59] Hoping for ...Bxf3.} 22. Rxe4 Qxe4 23. Re1 $1 Qc6 {[%emt 0:01:52] ...Rac8 is the strong threat.} (23... Qg4 $5 24. Qxb7 Nc5 25. dxc5 Qxc4 $15) 24. Bxe6 $1 Nb6 {[%emt 0:00:01] Prevents Bd5.} (24... fxe6 $2 25. Rxe6 $18) 25. a5 (25. Bf5 $11 Qd5 26. Qc2) 25... Rae8 (25... Rad8 $15) 26. d5 Qb5 27. Qxb5 axb5 28. axb6 {[%emt 0:00:00] Strongly threatening Bf5.} fxe6 29. Bd6 {[%emt 0:00:00] [#]} ({Much weaker is} 29. dxe6 Bxb2 30. Rb1 Bc3 31. Rxb5 Rxe6 $17) 29... exd5 ({Better is} 29... Be7 $1 $17 30. Bxe7 Rxe7) 30. Bxf8 $11 {[%emt 0:00:07] The position is equal.} Rxe1+ 31. Nxe1 Kxf8 $17 {[%emt 0:00:02][%mdl 4096] Endgame KB-KN} 32. Nd3 Ke7 33. Kh2 Bd4 34. Kg3 Bxb6 35. Kf4 Ke6 36. g4 Bc7+ 37. Ke3 Bb6+ 38. Kf4 Bc7+ 39. Ke3 $1 Bb6+ {[%emt 0:03:13] Weighted Error Value: White=0.10 (very precise) /Black=0.12 (very precise)} 1/2-1/2

[Event "Rapid Shavuot-A 2023"]
[Site "Ramat Gan"]
[Date "2023.05.25"]
[Round "3.16"]
[White "Hasanov, Evyatar"]
[Black "Uritsky, Yonathan"]
[Result "0-1"]
[ECO "A39"]
[WhiteElo "1850"]
[BlackElo "2118"]
[Annotator "NA RC"]
[PlyCount "78"]
[EventDate "2023.05.19"]
[EventType "swiss"]
[EventCountry "ISR"]
[SourceTitle "playchess.com"]
[Source "ChessBase"]
[SourceQuality "1"]
[TimeControl "900+5"]

1. c4 Nf6 2. g3 g6 3. Bg2 Bg7 4. Nc3 c5 5. Nf3 O-O 6. O-O Nc6 7. d4 cxd4 8. Nxd4 Qa5 9. Nxc6 dxc6 10. Qc2 Be6 11. b3 Bf5 12. e4 Nxe4 13. Nxe4 Bxa1 14. Bd2 Qe5 15. Bf4 Qg7 16. Qc1 Bb2 17. Qe3 Qd4 18. Qe2 Rfd8 19. Be3 Qd3 20. Qxb2 Bxe4 21. Bh6 Qd4 22. Qe2 Bd3 23. Qxe7 Rd7 24. Qe1 Bxf1 25. Bxf1 Rad8 26. Qc1 Re7 27. h4 f6 28. Be3 Qd1 29. Qc3 Kf7 30. c5 Kg7 31. h5 Qxh5 32. Kg2 Qe5 33. Qc1 Qd5+ 34. Kg1 h5 35. Kh2 Qd1 36. Qc4 Rxe3 37. fxe3 Rd2+ 38. Kh3 Qf3 39. a4 Qh1# 0-1

[Event "Rapid Shavuot-A 2023"]
[Site "Ramat Gan"]
[Date "2023.05.25"]
[Round "3.17"]
[White "Andreev, Dmitri"]
[Black "Daniel, Marc D."]
[Result "0-1"]
[ECO "A60"]
[WhiteElo "2166"]
[BlackElo "1234"]
[Annotator "NA RC"]
[PlyCount "43"]
[EventDate "2023.05.19"]
[EventType "swiss"]
[EventCountry "ISR"]
[SourceTitle "playchess.com"]
[Source "ChessBase"]
[SourceQuality "1"]
[TimeControl "900+5"]

1. d4 Nf6 2. c4 e6 3. g3 c5 4. d5 b5 5. Bg2 Bb7 6. Nh3 bxc4 7. Nc3 d6 8. O-O Nbd7 9. dxe6 fxe6 10. Bxb7 Rb8 11. Bg2 d5 12. Qc2 Bd6 13. Bf4 Qc7 14. Ng5 Ke7 15. Bh3 Nf8 16. Bxd6+ Qxd6 17. Rad1 h6 18. Nf3 g5 19. e4 e5 20. Nxd5+ Nxd5 21. Rxd5 Qf6 22. Rxe5+ 0-1